 Dungeon Crawl Stone Soup version 0.32-a0-560-g4c7f4391e0 (webtiles) character file.

Game seed: 1845752029042983758

308 BeKind the Trooper (level 6, -5/56 HPs)
             Began as a Minotaur Berserker on Feb 29, 2024.
             Was a Believer of Trog.
             Slain by Edmund
             ... wielding a +2 flail of protection
              (14 damage)
             ... on level 4 of the Dungeon.
             The game lasted 00:03:23 (2665 turns).

BeKind the Trooper (Minotaur Berserker)             Turns: 2665, Time: 00:03:24

Health: -5/56      AC:  2    Str: 24    XL:     6   Next: 17%
Magic:  5/5        EV: 17    Int:  4    God:    Trog [**....]
Gold:   231        SH:  0    Dex:  9    Spells: 5/5 levels left

rFire   . . .        o - +8 autumn katana {manifold assault}
rCold   . . .        (no shield)
rNeg    . . .        b - +0 animal skin
rPois   .            (helmet restricted)
rElec   .            (no cloak)
rCorr   .            (no gloves)
SInv    .            (no boots)
Will    .....        (no amulet)
Stlth   +            d - +5 ring of evasion
HPRegen 0.29/turn    (no ring)
MPRegen 0.09/turn

%: no passive effects
@: on berserk cooldown
A: horns 2, retaliatory headbutt
a: Renounce Religion, Berserk, Trog's Hand


You were on level 4 of the Dungeon.
You worshipped Trog.
Trog was pleased with you.
You visited 1 branch of the dungeon, and saw 4 of its levels.

You collected 231 gold pieces.

Inventory:

Hand Weapons
 a - a +0 spear
 o - the +8 autumn katana (weapon) {manifold assault}
   (You found it on level 4 of the Dungeon)
Missiles
 l - 5 throwing nets (quivered)
Armour
 b - a +0 animal skin (worn)
Jewellery
 d - a +5 ring of evasion (left hand)
Scrolls
 c - 3 scrolls of enchant weapon {unknown}
 e - 4 scrolls of teleportation {unknown}
 i - 2 scrolls of identify {unknown}
 j - a scroll of immolation {unknown}
 m - a scroll of enchant armour {unknown}
 n - a scroll of brand weapon {unknown}
Potions
 f - 3 potions of curing
 g - 2 potions of cancellation


   Skills:
 + Level 5.3 Fighting
 * Level 1.1 Long Blades
 - Level 4.6 Polearms
 + Level 4.6 Armour
 + Level 4.1 Dodging


You had 5 spell levels left.
You didn't know any spells.
Your spell library was empty.

Dungeon Overview and Level Annotations

Branches:
Dungeon (4/15)
 Temple: D:4-7

Altars:
Nemelex Xobeh
Xom

Annotations:
D:4 Edmund


Innate Abilities, Weirdness & Mutations

You have a pair of horns on your head.
You reflexively headbutt those who attack you in melee.


Message History

You feel yourself slow down.
A hound comes into view.
The ribbon worm closely misses you. You furiously retaliate!
You headbutt the ribbon worm. You completely miss the ribbon worm.
The ribbon worm is moderately wounded.
Edmund hits you with a +2 flail of protection!
The ribbon worm misses you.
You slash the ribbon worm!
You slice through the folds of space itself!
You closely miss the hound. You slash Edmund!
You kill the ribbon worm!
Trog accepts your kill.
Edmund hits you with a +2 flail of protection!
* * * LOW HITPOINT WARNING * * *
The hound completely misses you. Edmund closely misses you.
It was a potion of magic.
Magic courses through your body. The hound misses you.
Edmund barely misses you. The hound bites you but does no damage.
It was a potion of lignification.
You turn into a tree.
Your +0 animal skin melds into your body.
Your roots penetrate the ground.
The hound barely misses you.
Edmund hits you with a +2 flail of protection!
* * * LOW HITPOINT WARNING * * *
The hound bites you but does no damage.
Edmund gestures with his flail.
Edmund hits you but does no damage.
It was a potion of cancellation.
Your magical effects are unravelling.
You feel magically purged.
You feel less wooden.
Your +0 animal skin unmelds from your body.
You feel yourself speed up. The hound closely misses you.
The hound barely misses you. Edmund closely misses you.
You furiously retaliate!
You headbutt Edmund! The hound bites you but does no damage.
It was a potion of curing.
You feel better.
Edmund hits you with a +2 flail of protection!
You die...
Edmund whines, "They better pay attention to me now!"

#....####.#
#.....#...
#........#
###..#.....##
#....<......#
...........##
#.@h......#
#@....#
#..#### ..
##).# ##. #..
#))####...
#..###).##$..#
#..#...)..#
#.......##
#......###
##......<.###


You could see Edmund and a hound.

Vanquished Creatures
  Menkaure (D:4)
  2 orc wizards (D:4)
  3 adders
  3 gnolls (D:2)
  4 ribbon worms
  A dart slug (D:2)
  5 orcs (D:4)
  4 ball pythons
  9 bats
  9 endoplasms
  2 giant cockroaches
  5 goblins
  9 hobgoblins
  4 kobolds
  4 quokkas
  4 frilled lizards (D:1)
  3 rats (D:2)
72 creatures vanquished.

Notes
Turn   | Place    | Note
-------+----------+-------------------------------------------
     0 | D:1      | BeKind the Minotaur Berserker began the quest for the Orb.
     0 | D:1      | Reached XP level 1. HP: 19/19 MP: 0/0
   219 | D:1      | Reached XP level 2. HP: 27/27 MP: 1/1
   701 | D:1      | Reached skill level 4 in Fighting
  1076 | D:2      | Reached XP level 3. HP: 30/33 MP: 2/2
  1100 | D:2      | Reached ** piety under Trog
  1428 | D:2      | Reached XP level 4. HP: 28/40 MP: 3/3
  1450 | D:2      | Identified the +8 chain mail of the Bells {rPois Regen+}
  1792 | D:3      | Found a shimmering altar of Xom.
  2133 | D:3      | Found a sparkling altar of Nemelex Xobeh.
  2578 | D:4      | Found the +8 autumn katana {manifold assault}
  2627 | D:4      | Noticed Menkaure
  2631 | D:4      | Killed Menkaure
  2632 | D:4      | Reached skill level 5 in Fighting
  2632 | D:4      | Reached XP level 5. HP: 48/48 MP: 4/4
  2649 | D:4      | Reached XP level 6. HP: 39/56 MP: 5/5
  2654 | D:4      | Reached skill level 1 in Long Blades
  2656 | D:4      | Noticed Edmund
  2663 | D:4      | HP: 2/84 [Edmund/+2 flail of protection (12)]
  2665 | D:4      | Slain by Edmund

Illustrated notes

Levels and vault maps discovered:
D:1:      dpeg_arrival_three_same_balls, layout_basic, nicolae_titane
D:2:      layout_loops_ring, st_stairs_9
D:3:      layout_basic, lemuel_doored_altar, nemelex_diamond_rough_becter,
          kennysheep_generic_room_14
D:4:      layout_layer_cave, dreamdust_princess_bridge, uniq_menkaure,
          uniq_edmund

Skill      XL: |  1  2  3  4  5  6 |
---------------+-------------------+-----
Polearms       | 4 |  4.6
Fighting       | 4 5 |  5.3
Armour         | 3 4 |  4.6
Dodging        | 3 4 |  4.1
Long Blades    | 1 |  1.1

Action                     |  1- 3 |  4- 6 || total
---------------------------+-------+-------++-------
  Melee: Spear             |    99 |    69 ||   168
         Headbutt          |    16 |     5 ||    21
         Katana            |       |    15 ||    15
 Invoke: Berserk           |     1 |     1 ||     2
    Use: Potion            |       |     4 ||     4
   Stab: Sleeping          |     2 |       ||     2
 Armour: Animal skin       |    27 |    21 ||    48
         Skin              |       |     3 ||     3
  Dodge: Dodged            |    55 |    55 ||   110

Table legend: (Time is in decaauts)
 A = Elapsed time spent in this place.
 B = Non-inter-level travel time spent in this place.
 C = Inter-level travel time spent in this place.
 D = Time resting spent in this place.
 E = Time spent auto-exploring this place.
 F = Levels seen in this place.
 G = Mean time per level.
                   A        B        C        D        E       F      G
               +--------+--------+--------+--------+--------+-----+--------+
         Total |   2652 |   2434 |    218 |      0 |   2065 |   4 |  663.0 |
       Dungeon |   2652 |   2434 |    218 |      0 |   2065 |   4 |  663.0 |
               +--------+--------+--------+--------+--------+-----+--------+

Top non-repeatable levels by time:
     D:1: 998 daAuts
     D:3: 756 daAuts
     D:2: 640 daAuts
     D:4: 257 daAuts
